Map: NeoHumanity LE

Players

陈雯雯 - Winner!

  • Race: Protoss Protoss
  • Spawn Location: 5:00

winzboy

  • Race: Protoss Protoss
  • League: Gold
  • Spawn Location: 11:00

VOD

Have the link to the VOD?

Description

Time

  • Played on: May 24, 2023, 11:49 p.m.
  • Length: 4:49
Show
View Real Time Build Order
Export as new Build Order

陈雯雯 Protoss - Winner!

Build Orders:  

Get SALT Encoding   

  12  0:01  Probe (Chrono Boost)  
  13  0:10  Probe (Chrono Boost)  
  14  0:19  Pylon  
  14  0:23  Probe  
  15  0:37  Probe  
  15  0:41  Gateway  
  16  0:49  Probe  
  17  0:56  Gateway  
  17  1:06  Probe (Chrono Boost)  
  18  1:12  Assimilator  
  19  1:18  Probe (Chrono Boost)  
  19  1:25  Probe (Chrono Boost)  
  20  1:33  Probe  
  21  1:43  Zealot  
  23  1:50  Pylon  
  23  2:08  Zealot (Chrono Boost)  
  23  2:09  Probe  
  23  2:10  Pylon  
  28  2:19  Zealot (Chrono Boost)  
  28  2:32  Pylon, Zealot  
  28  2:34  Cybernetics Core  
  30  2:47  Zealot  
  30  2:49  Assimilator  
  32  3:03  Zealot  
  34  3:15  Sentry  
  36  3:27  Nexus  
  36  3:29  Sentry  
  38  3:38  Probe (Chrono Boost)  
  39  3:41  Stalker  
  42  3:50  Probe (Chrono Boost)  
  42  3:52  Stalker  
  44  3:55  Probe (Chrono Boost)  
  44  3:58  Forge  
  45  4:04  Probe  
Show
View Real Time Build Order
Export as new Build Order

winzboy Protoss 

Build Orders: 1 Gate Expand 

Get SALT Encoding   

  12  0:02  Probe  
  13  0:14  Probe  
  13  0:21  Pylon  
  14  0:26  Probe  
  15  0:32  Assimilator  
  15  0:46  Gateway  
  15  0:51  Probe (Chrono Boost)  
  16  1:02  Probe (Chrono Boost)  
  17  1:06  Probe (Chrono Boost)  
  18  1:17  Probe  
  19  1:29  Probe  
  19  1:30  Nexus  
  20  1:39  Cybernetics Core  
  20  1:48  Probe  
  20  1:49  Assimilator  
  21  1:57  Pylon  
  21  2:01  Probe  
  22  2:11  Stalker  
  22  2:13  Probe  
  25  2:25  Probe  
  25  2:26  Warp Gate (Chrono Boost)  
  26  2:40  Probe (Chrono Boost)  
  26  2:42  Probe (Chrono Boost)  
  30  2:52  Probe (Chrono Boost)  
  30  2:53  Probe (Chrono Boost)  
  30  2:57  Robotics Facility  
  30  2:58  Gateway  
  30  3:00  Gateway  
  30  3:05  Pylon  
  30  3:08  Probe (Chrono Boost)  
  30  3:11  Probe (Chrono Boost)  
  32  3:18  Stalker  
  35  3:20  Probe (Chrono Boost)  
  36  3:27  Probe (Chrono Boost)  
  35  3:40  Shield Battery  
  35  3:48  Stalker  
  37  4:18  Adept  
  33  4:25  Zealot x2  
Tags
 
League
Gold
Matchup
PvP
Replay Pack
Multiplayer
Spawn Locations
Cross Positions
Add a new tag
Caveats
  • Supply blocks, unpowered buildings, or Contaminate may cause inaccurate times.
  • Supply counts are checked every 10 seconds.